 Dungeon Crawl Stone Soup version 0.29.0-4-gdea44cf6ec (webtiles) character file.

Game seed: 2600484443249155404

509 qw the Chopper (level 7, 0/42 HPs)
             Began as a Tengu Warper on Aug 28, 2022.
             Slain by an endoplasm (3 damage)
             ... on level 3 of the Dungeon.
             The game lasted 00:00:22 (3062 turns).

qw the Chopper (Tengu Warper)                       Turns: 3062, Time: 00:00:23

Health: 0/42       AC: -1    Str: 13    XL:     7   Next: 19%
Magic:  11/11      EV: 13    Int: 13    God:
Gold:   133        SH:  0    Dex: 14    Spells: 10/10 levels left

rFire   . . .      SeeInvis .   Y - +0 hand axe
rCold   . . .      Faith    .   (no shield)
rNeg    . . .      Spirit   .   i - +0 ring mail
rPois   .          Reflect  .   (helmet restricted)
rElec   .          Harm     .   (no cloak)
rCorr   .          Rampage  .   f - +0 pair of gloves
Will    +....                   (boots unavailable)
Stlth   +.........              h - amulet of regeneration
HPRegen 0.94/turn               d - ring of willpower
MPRegen 0.12/turn               (no ring)

@: corroded, flying quickly and evasively, quick
A: beak, talons 3, nimble flight
a: no special abilities


You were on level 3 of the Dungeon.
You visited 1 branch of the dungeon, and saw 3 of its levels.
You also visited: Sewer.

You collected 185 gold pieces.
You spent 52 gold pieces at shops.


Innate Abilities, Weirdness & Mutations

You have a beak for a mouth.
You have claws for feet.
Your magical nature lets you fly swiftly and evasively.


   Skills:
 - Level 3.8 Fighting
 + Level 7.5 Axes
 - Level 1.0 Throwing
 - Level 1.1 Armour
 - Level 2.1 Dodging
 - Level 2.0 Spellcasting
 - Level 2.4 Translocations


You had 10 spell levels left.
You didn't know any spells.
Your spell library contained the following spells:

 Spells                   Type           Power      Damage    Failure   Level
 Blink                    Tloc           14%        N/A       30%         2
 Gell's Gravitas          Tloc           7%         N/A       52%         3
 Lesser Beckoning         Tloc           7%         N/A       52%         3
 Teleport Other           Tloc           7%         N/A       52%         3
 Manifold Assault         Tloc           7%         N/A       99%         5

Inventory:

Hand Weapons
 l - a +0 morningstar
 Y - a +0 hand axe (weapon)
Armour
 f - a +0 pair of gloves (worn)
 i - a +0 ring mail (worn)
Jewellery
 d - a ring of willpower (left hand)
 h - an amulet of regeneration (around neck)
 k - a +6 ring of strength
Scrolls
 a - 4 scrolls of identify
 e - a scroll of noise {unknown}
Potions
 b - 2 potions of curing {unknown}
 c - a potion of attraction {unknown}
 g - 2 potions of heal wounds
 j - a potion of mutation {unknown}

Dungeon Overview and Level Annotations

Branches:
Dungeon (3/15)              Sewer (visited)

Altars:
Yredelemnul

Shops:
D:2 (


Message History

The endoplasm quivers.
Found a rat skeleton. 3 jellies and 7 endoplasms come into view.
Found four items.
The endoplasm quivers. x4; The jelly quivers.
The endoplasm quivers.
The endoplasm hits the fungus.
The fungus begins to die.
There is an open door here.
You barely miss the endoplasm. You peck the endoplasm.
The endoplasm is severely wounded.
You hit the jelly.
Your hands burn!
The jelly is lightly wounded.
You hit the endoplasm but do no damage. You hit the endoplasm.
You kill the endoplasm!
You hit the jelly.
Your hands burn!
You hit the jelly but do no damage.
Your hands burn!
The endoplasm hits the fungus.
The fungus begins to die.
The jelly hits the fungus.
The fungus is splashed with acid!
The acid corrodes the fungus!
The endoplasm hits the fungus.
The fungus begins to die.
The endoplasm hits the fungus.
The fungus begins to die.
The jelly hits you but does no damage.
You hit the jelly. The acid corrodes you!
Your hands burn!
You peck the jelly, but do no damage.
The jelly is heavily wounded.
You hit the jelly.
Your hands burn!
The jelly hits you.
You are splashed with acid!
The endoplasm hits the fungus. x3
The jelly completely misses the fungus.
The jelly closely misses you.
You hit the jelly but do no damage.
Your hands burn!
The jelly is heavily wounded.
You hit the jelly but do no damage.
Your hands burn!
A nearby fungus withers and dies.
The jelly misses you. The jelly hits you but does no damage.
You hit the endoplasm but do no damage.
You peck the endoplasm, but do no damage.
You barely miss the jelly. You hit the jelly. The acid corrodes you!
Your hands burn!
The jelly hits you. The acid corrodes you!
You are splashed with acid!
The jelly hits the fungus.
The fungus is splashed with acid.
The endoplasm hits you.
You die...

# ####### # ##########J.....# #
#####......##@JJ.PP.#
#.##.......#.#J.....####
####.)........#.#PJPPP.##.#
#.#..)........#.#JJ.J%%##.#
....))......#'#.#PJ.%..##.#######
.....##.....#.#.#..%...##........
...#####....#.#)#P%....##..###...
#.## #######.##.....[##.## #.##
### ### #.# #.##


You could see 3 jellies and 6 endoplasms.

Vanquished Creatures
  Sigmund (D:2)
  Pargi (Sewer)
  A scorpion (D:3)
  An orc priest (D:2)
  Jessica (D:2)
  2 orc wizards
  2 worms
  A dart slug (D:2)
  2 orcs
  8 ball pythons
  7 bats
  6 endoplasms
  4 giant cockroaches
  7 goblins
  9 hobgoblins
  9 jackals
  2 quokkas
  6 frilled lizards
  18 kobolds
  5 rats
93 creatures vanquished.

Vanquished Creatures (others)
  A fungus (D:3)
  7 toadstools (D:3)
8 creatures vanquished.

Grand Total: 101 creatures vanquished

Notes
Turn   | Place    | Note
-------+----------+-------------------------------------------
     0 | D:1      | qw the Tengu Warper began the quest for the Orb.
     0 | D:1      | Reached XP level 1. HP: 12/12 MP: 4/4
     0 | D:1      | 0 ||| qw: Version: 0.1-a-89-g26bdef1
     0 | D:1      | 0 ||| qw: Game counter: 1280
     0 | D:1      | 0 ||| qw: Always use a shield: true
     0 | D:1      | 0 ||| qw: God list: Okawaru
     0 | D:1      | 0 ||| qw: Allow faded altars: false
     0 | D:1      | 0 ||| qw: Do Orc after D:15 true
     0 | D:1      | 0 ||| qw: Do second Lair branch before Depths: true
     0 | D:1      | 0 ||| qw: Lair rune preference: random
     0 | D:1      | 0 ||| qw: Plans: Normal
     0 | D:1      | 0 ||| PLANNING D:1-11
   143 | D:1      | Reached XP level 2. HP: 17/17 MP: 6/6
   153 | D:1      | 153 ||| Stepping ~*~*~tactically~*~*~ (stealth).
   186 | D:1      | Reached skill level 3 in Axes
   569 | D:1      | 569 ||| Stepping ~*~*~tactically~*~*~ (stealth).
   589 | D:1      | Reached XP level 3. HP: 16/21 MP: 7/7
   996 | D:1      | 996 ||| Stepping ~*~*~tactically~*~*~ (stealth).
  1111 | D:1      | Found a faded altar of an unknown god.
  1157 | D:1      | Reached skill level 4 in Axes
  1336 | D:1      | 1336 ||| UPGRADING to +0 pair of gloves.
  1341 | D:1      | 1341 ||| UPGRADING to +0 ring mail.
  1351 | D:1      | 1351 ||| DROPPING +0 leather armour.
  1352 | D:1      | 1352 ||| UPGRADING to amulet of regeneration.
  1357 | D:1      | 1357 ||| UPGRADING to ring of willpower.
  1358 | D:1      | 1358 ||| READING scroll labelled BYACVO BENASO.
  1359 | D:1      | 1359 ||| DROPPING scroll of blinking.
  1616 | D:2      | 1616 ||| Stepping ~*~*~tactically~*~*~ (stealth).
  1621 | D:2      | 1621 ||| Stepping ~*~*~tactically~*~*~ (stealth).
  1626 | D:2      | 1626 ||| Stepping ~*~*~tactically~*~*~ (hiding).
  1644 | D:2      | 1644 ||| Stepping ~*~*~tactically~*~*~ (stealth).
  1741 | D:2      | Found Dayn's Weapon Boutique.
  1746 | D:2      | Noticed Jessica
  1751 | D:2      | Killed Jessica
  1752 | D:2      | Reached skill level 5 in Axes
  1752 | D:2      | Reached XP level 4. HP: 22/26 MP: 8/8
  1775 | D:2      | 1775 ||| SHOPLISTING +0 mace of protection (72 gold, have
                  | 66).
  1775 | D:2      | 1775 ||| BUYING +0 morningstar (52 gold).
  1775 | D:2      | Bought a +0 morningstar for 52 gold pieces
  1775 | D:2      | 1775 ||| DROPPING +0 whip.
  1843 | D:2      | Noticed Sigmund
  1850 | D:2      | Killed Sigmund
  1851 | D:2      | Reached skill level 6 in Axes
  1851 | D:2      | Gained mutation: Your magical nature lets you fly swiftly
                  | and evasively. [Tengu growth]
  1851 | D:2      | Reached XP level 5. HP: 26/30 MP: 9/9
  1851 | D:2      | Reached XP level 6. HP: 30/35 MP: 10/10
  1851 | D:2      | 1851 ||| FLEEEEING.
  1883 | D:2      | Identified the +3 long sword "Efaacvee" {vorpal, rElec
                  | rPois SInv Stlth-}
  1933 | D:2      | Found a basalt altar of Yredelemnul.
  2207 | D:2      | 2207 ||| DROPPING amulet of magic regeneration.
  2208 | D:2      | 2208 ||| DROPPING ring of flight.
  2209 | D:2      | 2209 ||| DRINKING 4 green potions.
  2210 | D:2      | 2210 ||| READING 4 scrolls of identify.
  2210 | D:2      | 2210 ||| IDENTIFYING viscous emerald potion
  2211 | D:2      | 2211 ||| READING 3 scrolls of identify.
  2211 | D:2      | 2211 ||| IDENTIFYING fizzy clear potion
  2212 | D:2      | 2212 ||| READING 2 scrolls of identify.
  2212 | D:2      | 2212 ||| IDENTIFYING fuming dark potion
  2213 | D:2      | 2213 ||| DROPPING potion of brilliance.
  2214 | D:2      | 2214 ||| DROPPING potion of lignification.
  2215 | D:2      | 2215 ||| DROPPING potion of berserk rage.
  2261 | D:3      | 2261 ||| PLANNING SEWER
  2261 | D:3      | 2261 ||| STAIRDANCE
  2271 | D:2      | Reached skill level 7 in Axes
  2273 | D:3      | 2273 ||| STAIRDANCE
  2281 | D:2      | HP: 1/35 [worm (8)]
  2282 | D:2      | 2282 ||| DRINKING 3 potions of heal wounds.
  2296 | D:3      | 2296 ||| STAIRDANCE
  2305 | D:3      | 2305 ||| STAIRDANCE
  2315 | D:3      | 2315 ||| STAIRDANCE
  2329 | D:3      | 2329 ||| STAIRDANCE
  2362 | D:3      | HP: 9/36 [poisoned by an orc wizard]
  2367 | D:3      | HP: 5/36 [poisoned by an orc wizard]
  2417 | D:3      | Found a glowing drain.
  2437 | Sewer    | Entered a sewer
  2471 | Sewer    | Noticed Pargi
  2495 | Sewer    | Killed Pargi
  2496 | Sewer    | Reached skill level 3 in Fighting
  2577 | Sewer    | 2577 ||| READING 3 scrolls labelled ESIYWA TOMP.
  2578 | Sewer    | 2578 ||| DROPPING 2 scrolls of magic mapping.
  2594 | D:3      | 2594 ||| PLANNING D:1-11
  2628 | D:3      | Reached XP level 7. HP: 35/42 MP: 11/11
  2789 | D:3      | 2789 ||| Stepping ~*~*~tactically~*~*~ (stealth).
  2848 | D:3      | 2848 ||| Stepping ~*~*~tactically~*~*~ (stealth).
  2850 | D:3      | 2850 ||| Stepping ~*~*~tactically~*~*~ (stealth).
  2852 | D:3      | 2852 ||| Stepping ~*~*~tactically~*~*~ (stealth).
  2854 | D:3      | 2854 ||| Stepping ~*~*~tactically~*~*~ (stealth).
  3062 | D:3      | HP: 3/42 [acid (8)]
  3062 | D:3      | Slain by an endoplasm

Levels and vault maps discovered:
D:1:      wheals_arrival_linesprint, layout_basic, basic_ecumenical_altar
D:2:      layout_basic, serial_shops, nicolae_shop_waterfront, basic_altar,
          uniq_sigmund, uniq_jessica
D:3:      cheibrodos_fertilizer, layout_loops_corners,
          gammafunk_temple_overflow_elements, cheibrodos_sewer_entry_sluice,
          minmay_misc_feat_alley

Skill      XL: |  1  2  3  4  5  6 |
---------------+-------------------+-----
Axes           | 3 5 6 7 |  7.5
Fighting       | 3 |  3.8
Throwing       | |  1.0
Armour         | |  1.1
Dodging        | |  2.1
Spellcasting   | |  2.0
Translocations | |  2.4

Action                   |  1- 3 |  4- 6 |  7- 9 || total
-------------------------+-------+-------+-------++-------
Melee: Hand axe          |    99 |    99 |    30 ||   228
       Kick              |    21 |    31 |     9 ||    61
       Peck              |    19 |    14 |     8 ||    41
       Punch             |       |     1 |       ||     1
Throw: Boomerang         |     7 |       |       ||     7
  Use: Scroll            |     1 |     4 |       ||     5
       Potion            |       |     2 |       ||     2
Armor: Leather armour    |    12 |       |       ||    12
       Ring mail         |    16 |    41 |    12 ||    69
Dodge: Dodged            |    52 |    72 |    10 ||   134

Table legend:
 A = Non-vault XP
 B = Vault XP
 C = Vault XP percentage of total XP
 D = Non-vault monster count
 E = Vault monster count
 F = Vault count percentage of total count
                 A         B        C        D         E       F
            +---------+---------+-------+---------+---------+-------
      Total |     323 |     405 |  55.6 |      77 |      16 |  17.2
            +---------+---------+-------+---------+---------+-------
        D:1 |      52 |       0 |   0.0 |      34 |       0 |   0.0
        D:2 |     131 |     257 |  66.2 |      33 |       3 |   8.3
        D:3 |     140 |      12 |   7.9 |      10 |      10 |  50.0
      Sewer |       0 |     136 | 100.0 |       0 |       3 | 100.0
            +---------+---------+-------+---------+---------+-------
